 Dungeon Crawl Stone Soup version 0.31-a0-881-ge136f0c47a (webtiles) character file.

Game seed: 14795681392328742506

37 Kurtz the Sneak (level 3, -1/34 HPs)
             Began as a Naga Delver on Oct 15, 2023.
             Slain by a hound (2 damage)
             ... on level 4 of the Dungeon.
             The game lasted 00:00:31 (240 turns).

Kurtz the Sneak (Naga Delver)                        Turns: 240, Time: 00:00:32

Health: -1/34      AC:  3    Str: 16    XL:     3   Next: 41%
Magic:  3/3        EV:  8    Int: 10    God:
Gold:   0          SH:  0    Dex: 12    Spells: 2/2 levels left

rFire   . . .        a - +0 hand axe
rCold   . . .        (no shield)
rNeg    . . .        i - +0 ring mail
rPois   +            (no helmet)
rElec   .            (no cloak)
rCorr   .            (no gloves)
SInv    +            (no barding)
Will    .....        (no amulet)
Stlth   +++          (no ring)
HPRegen 0.25/turn    (no ring)
MPRegen 0.08/turn

%: no passive effects
@: very slow
A: AC +1, large, see invisible, deformed body, poison resistance, slowness 2,
spit poison 1, naga tail 1
a: Spit Poison


You were on level 4 of the Dungeon.
You visited 1 branch of the dungeon, and saw 2 of its levels.

Inventory:

Hand Weapons
 a - a +0 hand axe (weapon)
Armour
 b - a +0 leather armour
 i - a +0 ring mail (worn)
Wands
 g - a wand of digging (3)
Scrolls
 c - a scroll of fog
 d - a scroll of revelation
 j - a scroll of identify {unknown}
Potions
 f - a potion of haste
 h - a potion of curing {unknown}


   Skills:
 - Level 3.0 Fighting
 * Level 3.7 Axes
 - Level 1.5 Dodging
 - Level 7.2 Stealth


You had 2 spell levels left.
You didn't know any spells.
Your spell library was empty.

Dungeon Overview and Level Annotations

Branches:
Dungeon (5/15)
 Temple: D:4-7

Altars:


Innate Abilities, Weirdness & Mutations

Your serpentine skin is tough. (AC +1)
You have supernaturally acute eyesight. (SInv)
Armour fits poorly on your strangely shaped body.
Your system is resistant to poisons. (rPois)
You cover ground very slowly.
You can spit poison.
You have a snake-like lower body.


Message History

The hound bites you. x2
You climb upwards.
There is a stone staircase leading down here.
You closely miss the hound.
The hound barks!
The hound barely misses you.
You hit the hound.
The hound is moderately wounded.
The hound bites you. x2
Unknown command.
You closely miss the hound.
The hound is moderately wounded.
The hound bites you. x2
You are too injured to fight recklessly!
Unknown command.
You are too injured to fight recklessly!
You are too injured to fight recklessly!
The hound closely misses you. The hound attacks as it pursues you!
The hound bites you. The hound attacks as it pursues you!
The hound bites you. x3
* * * LOW HITPOINT WARNING * * *
The hound attacks as it pursues you! The hound bites you.
* * * LOW HITPOINT WARNING * * *
The hound barely misses you. The hound attacks as it pursues you!
The hound bites you.
* * * LOW HITPOINT WARNING * * *
The hound bites you but does no damage.
You closely miss the hound. The hound bites you.
* * * LOW HITPOINT WARNING * * *
The hound barely misses you.
You are too injured to fight recklessly!
You slash the hound!
The hound is heavily wounded.
The hound bites you.
* * * LOW HITPOINT WARNING * * *
The hound barely misses you.
You hit the hound but do no damage.
The hound is heavily wounded.
The hound bites you.
You die...

.......
#......#
+......#
#......#
.#......#
........#
#.....#####
+.....hh@.#
#.....###.#..
#....>.......
#..........#.#
#..........#
..
#..........#
##
.......###+##
........#
........#


You could see 2 hounds.

Vanquished Creatures
  A howler monkey (D:5)
1 creature vanquished.

Notes
Turn   | Place    | Note
-------+----------+-------------------------------------------
     0 | D:5      | Kurtz the Naga Delver began the quest for the Orb.
     0 | D:5      | Reached XP level 1. HP: 21/21 MP: 1/1
    70 | D:5      | Noticed a howler monkey
    86 | D:5      | Killed a howler monkey
    87 | D:5      | Reached XP level 2. HP: 9/28 MP: 2/2
    87 | D:5      | Reached XP level 3. HP: 11/34 MP: 3/3
   194 | D:5      | Noticed an ice beast
   239 | D:4      | HP: 1/34 [hound (4)]
   240 | D:4      | Slain by a hound

Illustrated notes

Levels and vault maps discovered:
D:4:      layout_basic
D:5:      layout_basic, serial_shops, shop, uniq_ijyb

Skill      XL: |  1 |
---------------+----+-----
Axes           | 3 |  3.7
Fighting       | |  3.0
Dodging        | |  1.5
Stealth        | |  7.2

Action                     || total
---------------------------++-------
  Melee: Hand axe          ||    11
Ability: Spit Poison       ||     3
    Use: Scroll            ||     1
 Armour: Ring mail         ||    19
  Dodge: Dodged            ||    11

Table legend: (Time is in decaauts)
 A = Elapsed time spent in this place.
 B = Non-inter-level travel time spent in this place.
 C = Inter-level travel time spent in this place.
 D = Time resting spent in this place.
 E = Time spent auto-exploring this place.
 F = Levels seen in this place.
 G = Mean time per level.
                   A        B        C        D        E       F      G
               +--------+--------+--------+--------+--------+-----+--------+
         Total |    290 |    290 |      0 |      2 |    186 |   2 |  145.0 |
       Dungeon |    290 |    290 |      0 |      2 |    186 |   2 |  145.0 |
               +--------+--------+--------+--------+--------+-----+--------+

Top non-repeatable levels by time:
     D:5: 278 daAuts
     D:4: 11 daAuts
